 Dungeon Crawl Stone Soup version 0.28-a0-1638-g9123634e07 (webtiles) character file.

Game seed: 11739897443258943685

3742 fragbeetle the Grappler (level 10, -8/84 HPs)
             Began as a Ghoul Gladiator on Jan 26, 2022.
             Was an Initiate of Yredelemnul.
             Mangled by a wyvern (11 damage)
             ... on level 7 of the Dungeon.
             The game lasted 00:16:25 (10164 turns).

fragbeetle the Grappler (Ghoul Gladiator)          Turns: 10164, Time: 00:16:26

Health: -8/84      AC:  8    Str: 21    XL:     10   Next: 15%
Magic:  11/11      EV: 13    Int:  5    God:    Yredelemnul [......]
Gold:   313        SH:  0    Dex: 10    Spells: 3/9 levels left

rFire   . . .      SeeInvis .     - Unarmed
rCold   + . .      Faith    .   (no shield)
rNeg    + + +      Spirit   .   w - +3 leather armour of the Turtle {Will+}
rPois   ∞          Reflect  .   N - +0 helmet
rElec   .          Harm     .   (no cloak)
rCorr   .          Rampage  .   (no gloves)
Will    ++...                   J - +0 pair of boots
Stlth   +.........              (no amulet)
HPRegen 0.00/turn               x - ring of willpower
MPRegen 0.12/turn               (no ring)

@: inhibited regen
A: claws 1, cold resistance 1, negative energy resistance 3, inhibited
regeneration, torment resistance 2
a: Renounce Religion, Recall Undead Harvest


You were on level 7 of the Dungeon.
You worshipped Yredelemnul.
Yredelemnul was noncommittal.
You visited 2 branches of the dungeon, and saw 9 of its levels.
You also visited: Sewer and Ossuary.

You collected 333 gold pieces.
You spent 20 gold pieces at shops.

Inventory:

Hand Weapons
 j - a +2 dagger of venom
Missiles
 c - 4 throwing nets (quivered)
 e - 3 curare-tipped darts
 f - 8 poisoned darts
 u - 2 boomerangs
Armour
 r - a +0 robe of fire resistance
 w - the +3 leather armour of the Turtle (worn) {Will+}
   (You found it on level 5 of the Dungeon)

   Will:      It increases your willpower.
 J - a +0 pair of boots (worn)
 N - a +0 helmet (worn)
Magical Staves
 a - a staff of cold
Jewellery
 b - a +6 ring of strength
 x - a ring of willpower (left claw)
 G - an amulet of regeneration
 H - a ring of ice
 L - a ring of willpower
Scrolls
 i - a scroll of vulnerability {unknown}
 k - 7 scrolls of teleportation {unknown}
 l - 2 scrolls of summoning {unknown}
 n - a scroll of fog
 o - 7 scrolls of identify {unknown}
 p - 2 scrolls of blinking {unknown}
 q - a scroll of fear {unknown}
 s - a scroll of magic mapping {unknown}
 y - 7 scrolls of noise
 z - 2 scrolls of immolation {unknown}
 A - a scroll of acquirement {unknown}
 I - 2 scrolls of enchant armour {unknown}
Potions
 d - 2 potions of ambrosia {unknown}
 g - 2 potions of curing {unknown}
 h - a potion of invisibility {unknown}
 t - 6 potions of heal wounds {unknown}
 v - 3 potions of might {unknown}
 B - a potion of cancellation {unknown}
 C - a potion of magic {unknown}
 D - 7 potions of degeneration
 E - 2 potions of mutation
 F - 2 potions of haste {unknown}
 K - a potion of attraction {unknown}
Miscellaneous
 m - a box of beasts


   Skills:
 + Level 6.3 Fighting
 + Level 5.4 Throwing
 + Level 5.6 Dodging
 * Level 9.3 Unarmed Combat
 * Level 5.8 Necromancy
 * Level 3.9 Invocations


You had 3 spell levels left.
You knew the following spells:

 Your Spells              Type           Power      Damage    Failure   Level
a - Death Channel         Necr           2%         N/A       100%        6

Your spell library contained the following spells:

 Spells                   Type           Power      Damage    Failure   Level
 Pain                     Necr           20%        1d5       6%          1
 Corpse Rot               Necr/Air       4%         N/A       28%         2
 Foxfire                  Conj/Fire      0%         2x1d4     52%         1
 Summon Small Mammal      Summ           0%         N/A       52%         1
 Call Canine Familiar     Summ           0%         N/A       88%         3
 Conjure Flame            Conj/Fire      0%         6-21      88%         3
 Inner Flame              Hex/Fire       0%         N/A       88%         3
 Summon Guardian Golem    Hex/Summ       0%         N/A       88%         3
 Dispel Undead            Necr           5%         3d7       50%         4
 Agony                    Necr           5%         N/A       85%         5
 Excruciating Wounds      Necr           2%         N/A       85%         5
 Flame Wave               Conj/Fire      0%         2d4       99%         4


Dungeon Overview and Level Annotations

Branches:
Dungeon (8/15)             Temple (1/1) D:4           Sewer (visited)
Ossuary (visited)
   Lair: D:8-11

Altars:
Ashenzari
Cheibriados
Dithmenos
Fedhas
Gozag
Hepliaklqana
Kikubaaqudgha
Makhleb
Nemelex Xobeh
Okawaru
Qazlal
Ru
Sif Muna
Trog
Uskayaw
Vehumet
Wu Jian
Xom
Yredelemnul
Zin
The Shining One
Lugonu

Shops:
D:3 *   D:4 (

Portals:
Abyss: D:3

Annotations:
D:3 1 runed translucent door, Crazy Yiuf
D:6 Pikel
D:8 1 runed translucent door, mcsnuffy's ghost, novice DsGl


Innate Abilities, Weirdness & Mutations

You thrive by killing the living.
You are immune to poison.
You have sharp fingernails.
Your flesh is cold resistant. (rC+)
You are immune to negative energy. (rN+++)
You do not regenerate when monsters are visible.
You are immune to unholy pain and torment.


Message History

The howler monkey hoots and howls with incredible vigour!
The orc wizard gestures wildly while chanting.
The orc wizard flickers and vanishes!
Deactivating autopickup; reactivate with Ctrl-A.
The wyvern closely misses you. The howler monkey barely misses you.
Mcsnuffy's ghost says, "It's not the size of the blade that matters, it's how you use it."
The howler monkey hoots and howls with incredible vigour!
The wyvern bites you but does no damage.
You hear an angry squeal.
The howler monkey hoots and howls with incredible vigour!
You hear an angry squeal.
The wyvern bites you.
The orc priest mumbles some strange prayers to Beogh against you.
Beogh smites you!
* * * LOW HITPOINT WARNING * * *
The wyvern misses you. The wyvern closely misses you.
There is a stone staircase leading up here.
The wyvern bites you but does no damage.
You climb upwards.
Reactivating autopickup.
There is a stone staircase leading down here.
Okay, then.
The wyvern bites you.
* * * LOW HITPOINT WARNING * * *
You are too injured to fight recklessly!
You are too injured to fight recklessly!
You are too injured to fight recklessly!
You closely miss the wyvern. The wyvern closely misses you.
You barely miss the wyvern. The wyvern barely misses you.
You claw the wyvern!
The wyvern is heavily wounded.
The wyvern bites you!
* * * LOW HITPOINT WARNING * * *
The wyvern closely misses you.
Okay, then.
There is an open door here.
The wyvern bites you!
You die...
Yredelemnul claims you as an undead slave.

#.# ##..Z## ###.###
#####.####.....## ###.#
####...............## ##.#.#
##......#.##.........####....#
...........'.........'.).....#
##.#......##.........####....#
#.#...######.......## ##.#.#
#.#...######....(.## ####.#
#............#.@.## #....#
###.###########l## #.#### #.#
#.# #.# ###<### #.# #.#
#[....#########>##### #.#
#...................# #.#
#.....#.#####.....#.# #.#
#.......# ##...##.## #.#
#.....### ##.##.#[###.#


You could see a wyvern.

Vanquished Creatures
  5 yaks (D:5)
  3 water moccasins
  A necrophage (D:6)
  2 lemures
  2 phantoms
  2 kobold brigands
  3 bullfrogs
  A water moccasin skeleton (D:6)
  A howler monkey (D:8)
  A bullfrog zombie (D:6)
  2 centaur zombies
  2 human zombies (Ossuary)
  A hound (D:5)
  3 orc priests (D:7)
  3 bullfrog skeletons
  A gnoll shaman (D:6)
  Natasha (thrice) (D:3)
  An iguana (D:5)
  3 orc wizards
  A killer bee zombie (D:5)
  A howler monkey zombie (D:5)
  4 mummies (Ossuary)
  7 gnolls
  11 adders
  A white imp (D:7)
  An ufetubus (D:5)
  6 worms
  6 dart slugs
  18 orcs
  7 bats
  7 endoplasms
  6 giant cockroaches
  8 goblins
  9 hobgoblins
  7 jackals (D:1)
  10 kobolds
  2 quokkas (Sewer)
  13 ball pythons
  9 frilled lizards
  A gnoll zombie (Ossuary)
  A hobgoblin zombie (Ossuary)
  2 kobold zombies (Ossuary)
  An orc zombie (Ossuary)
  6 rats
  A butterfly (D:5)
  2 lurking horrors (D:3)
188 creatures vanquished.

Vanquished Creatures (collateral kills)
  A two-headed ogre (D:5)
  Sigmund (D:3)
  A yak (D:5)
  A water moccasin (D:7)
  An orc warrior (D:7)
  An orc wizard (D:5)
  An adder (D:5)
  2 gnolls
  An orc (D:7)
10 creatures vanquished.

Vanquished Creatures (others)
  A water moccasin zombie (D:7)
  A hound zombie (D:5)
  2 gnoll zombies (D:6)
  A kobold zombie (D:7)
  An orc zombie (D:8)
  A spectral ufetubus (D:5)
  A fungus (D:3)
  2 plants (D:5)
10 creatures vanquished.

Grand Total: 208 creatures vanquished

Notes
Turn   | Place    | Note
-------+----------+-------------------------------------------
     0 | D:1      | fragbeetle the Ghoul Gladiator began the quest for the Orb.
     0 | D:1      | Reached XP level 1. HP: 17/17 MP: 0/0
    95 | D:1      | Reached XP level 2. HP: 25/25 MP: 1/1
   430 | D:1      | Reached XP level 3. HP: 30/30 MP: 2/2
   836 | D:2      | Found a faded altar of an unknown god.
   836 | D:2      | Noticed a Hell Sentinel
   998 | D:2      | Reached skill level 4 in Unarmed Combat
  1909 | D:3      | Reached XP level 4. HP: 37/37 MP: 3/3
  1936 | D:3      | Noticed Natasha
  1943 | D:3      | Killed Natasha
  1954 | D:3      | Noticed Natasha
  1963 | D:3      | Killed Natasha
  1964 | D:3      | Reached XP level 5. HP: 11/45 MP: 4/4
  2240 | D:3      | Found a glowing drain.
  2244 | Sewer    | Entered a sewer
  2527 | Sewer    | Reached skill level 5 in Unarmed Combat
  2527 | Sewer    | Reached XP level 6. HP: 21/51 MP: 5/5
  3193 | D:3      | Found Upiyfastomuo's General Store.
  3201 | D:3      | Bought a scroll of fog for 20 gold pieces
  3413 | D:3      | Found a one-way gate to the infinite horrors of the Abyss.
  3415 | D:3      | Found a corrupted altar of Lugonu.
  3439 | D:3      | Noticed Natasha
  3451 | D:3      | Killed Natasha
  3727 | D:3      | Noticed Sigmund
  3739 | D:3      | Killed Sigmund
  3740 | D:3      | Reached skill level 6 in Unarmed Combat
  3740 | D:3      | Reached XP level 7. HP: 55/59 MP: 6/6
  4079 | D:3      | Found a runed translucent door.
  4080 | D:3      | Noticed Crazy Yiuf
  4341 | D:4      | Found Saneatin's Antique Weapon Shoppe.
  4776 | D:4      | Learned a level 6 spell: Death Channel
  4804 | D:4      | Found a staircase to the Ecumenical Temple.
  4829 | Temple   | Entered the Ecumenical Temple
  5117 | Temple   | Became a worshipper of Yredelemnul the Dark
  5401 | D:5      | Entered Level 5 of the Dungeon
  5401 | D:5      | Noticed a yak
  5472 | D:5      | Identified the +3 leather armour of the Turtle {Will+}
  5493 | D:5      | Found a sand-covered staircase.
  5509 | Ossuary  | Entered an ossuary
  5538 | Ossuary  | Reached skill level 1 in Necromancy
  5668 | Ossuary  | Reached XP level 8. HP: 19/67 MP: 7/7
  6667 | D:5      | Reached skill level 7 in Unarmed Combat
  6680 | D:5      | Noticed a two-headed ogre
  6691 | D:5      | Killed a two-headed ogre
  6692 | D:5      | Reached * piety under Yredelemnul
  6692 | D:5      | Reached skill level 5 in Fighting
  6706 | D:5      | Reached ** piety under Yredelemnul
  6962 | D:5      | Reached XP level 9. HP: 61/74 MP: 8/8
  7076 | D:5      | Reached skill level 5 in Dodging
  7214 | D:5      | Reached skill level 8 in Unarmed Combat
  7229 | D:5      | Reached skill level 1 in Invocations
  7234 | D:5      | Reached skill level 5 in Throwing
  7234 | D:5      | Reached *** piety under Yredelemnul
  7520 | D:5      | Reached skill level 5 in Necromancy
  7783 | D:6      | Noticed Pikel
  8914 | D:7      | Reached skill level 9 in Unarmed Combat
  8945 | D:7      | Reached XP level 10. HP: 14/83 MP: 11/11
  9991 | D:8      | Found a runed translucent door.
 10123 | D:8      | Noticed mcsnuffy's ghost (novice DsGl)
 10161 | D:7      | HP: 3/84 [wyvern (11)]
 10164 | D:7      | Mangled by a wyvern

Illustrated notes

Levels and vault maps discovered:
D:1:      amcnicky_arrival_feature_with_door, layout_basic
D:2:      layout_basic, dreamdust_ecumenical_altar_sealed_demon
D:3:      layout_loops_ring, lightli_sewer_entry_pipes, serial_shops,
          nicolae_shop_stone, amcnicky_altar_lugonu_corruption,
          uniq_crazy_yiuf_cottage, uniq_sigmund, uniq_natasha
D:4:      layout_loops_ring, minmay_temple_entry_hall, serial_shops,
          kennysheep_little_box, st_stairs_9
D:5:      nicolae_cairo_tiling_very_big, layout_gridville,
          lightli_ossuary_entry_decrepit_ruins, serial_bayou_pond_d,
          hangedman_glass_garden
D:6:      layout_gridville, uniq_pikel
D:7:      layout_loops_corners
D:8:      layout_cave_pools, hellmonk_ghost_big_iron, grunt_livestock
Temple:   mainiacjoe_temple_hex_bubbles

Skill      XL: |  1  2  3  4  5  6  7  8  9 |
---------------+----------------------------+-----
Throwing       | 2 3 4 5 |  5.4
Dodging        | 3 4 5 |  5.6
Unarmed Combat | 4 5 6 7 9 |  9.3
Fighting       | 3 4 5 6 |  6.3
Necromancy     | 1 3 5 |  5.8
Invocations    | 3 |  3.9

Action                   |  1- 3 |  4- 6 |  7- 9 | 10-12 || total
-------------------------+-------+-------+-------+-------++-------
Melee: Unarmed           |   127 |   180 |   346 |    86 ||   739
       Punch             |     3 |     3 |    12 |     4 ||    22
Invok: Recall Undead Har |       |       |     2 |       ||     2
       Dark Bargain      |       |       |     2 |       ||     2
Evoke: Box of beasts     |       |     1 |     1 |       ||     2
 Stab: Distracted        |       |       |     1 |       ||     1
Armor: Leather armour    |    42 |    53 |    82 |    23 ||   200
Dodge: Dodged            |    71 |    97 |   176 |    67 ||   411

Table legend: (Time is in decaauts)
 A = Elapsed time spent in this place.
 B = Non-inter-level travel time spent in this place.
 C = Inter-level travel time spent in this place.
 D = Time resting spent in this place.
 E = Time spent auto-exploring this place.
 F = Levels seen in this place.
 G = Mean time per level.
                   A        B        C        D        E       F      G
               +--------+--------+--------+--------+--------+-----+--------+
         Total |  10205 |   9774 |    431 |    965 |   6984 |  11 |  927.7 |
       Dungeon |   8358 |   7955 |    403 |    567 |   6041 |   8 | 1044.8 |
        Temple |    316 |    288 |     28 |      0 |    242 |   1 |  316.0 |
         Sewer |    844 |    844 |      0 |      0 |    616 |   1 |  844.0 |
       Ossuary |    686 |    686 |      0 |    398 |     84 |   1 |  686.0 |
               +--------+--------+--------+--------+--------+-----+--------+

Top non-repeatable levels by time:
     D:5: 1541 daAuts
     D:3: 1527 daAuts
     D:4: 1264 daAuts
     D:2: 1202 daAuts
     D:7: 1158 daAuts
   Sewer: 844 daAuts
     D:6: 837 daAuts
 Ossuary: 686 daAuts
     D:1: 665 daAuts
  Temple: 316 daAuts
     D:8: 161 daAuts
